 Dungeon Crawl Stone Soup version 0.19.1 (webtiles) character file.

77 ImaNewbie the Chopper (level 4, 0/35 HPs)
             Began as a Formicid Fighter on Dec 15, 2016.
             Succumbed to an adder's poison
             ... on level 3 of the Dungeon.
             The game lasted 00:02:40 (1473 turns).

ImaNewbie the Chopper (Formicid Fighter)            Turns: 1473, Time: 00:02:41

Health: 0/35       AC:  6    Str: 20 (21) XL:     4   Next: 58%
Magic:  4/4        EV: 10    Int:  8 (10) God:
Gold:   53         SH: 14    Dex: 14 (15) Spells: 0 memorised, 3 levels left

rFire  . . .     SeeInvis +     a - +0 war axe
rCold  . . .     Gourm    .     b - +0 scale mail
rNeg   . . .     Faith    .     u - +0 large shield
rPois  .         Spirit   .     (helmet unavailable)
rElec  .         Reflect  .     (no cloak)
rCorr  .         Harm     .     (no gloves)
MR     .....                    (no boots)
Stlth  +.........               (no amulet)
                                (no ring)
                                i - +2 ring of intelligence

@: agile, lethally poisoned (0 -> -9), flying
A: permanent stasis, dig shafts and tunnels, four strong arms, antennae 3
a: Dig, Shaft Self


You were on level 3 of the Dungeon.
You were not hungry.

You visited 1 branch of the dungeon, and saw 3 of its levels.

You collected 53 gold pieces.

Inventory:

Hand Weapons
 a - a +0 war axe (weapon)
Armour
 b - a +0 scale mail (worn)
 c - a +0 shield
 u - a +0 large shield (worn)
Jewellery
 i - a +2 ring of intelligence (left hand)
Scrolls
 g - 2 scrolls of enchant armour {unknown}
 h - a scroll of recharging {unknown}
 k - a scroll of magic mapping {unknown}
 q - 2 scrolls of remove curse {unknown}
 r - a scroll of teleportation {unknown}
 s - a scroll of identify {unknown}
Potions
 d - a potion of might
 l - a potion of lignification {unknown}
 t - a potion of heal wounds {unknown}
Comestibles
 f - a bread ration
 j - a slice of pizza
 m - a beef jerky


   Skills:
 - Level 3.2 Fighting
 + Level 4.4 Axes
 - Level 3.2 Armour
 - Level 3.6 Shields


You had 3 spell levels left.
You didn't know any spells.

Dungeon Overview and Level Annotations

Branches:
Dungeon (3/15)

Altars:


Innate Abilities, Weirdness & Mutations

You are under a permanent stasis effect.
You can dig through walls and to a lower floor.
Your four strong arms can wield two-handed weapons with a shield.
You have a pair of large antennae on your head. (SInv)


Message History

You feel sick.
You feel sick.
You feel sick.
You feel sick. You block the adder's attack.
You feel sick.
You feel sick. The adder bites you.
* * * LOW HITPOINT WARNING * * *
You are more poisoned.
The adder poisons you!
It was a potion of flight.
You feel very buoyant.
You fly up into the air.
You block the adder's attack.
It was a potion of degeneration.
There was something very wrong with that liquid.
You feel weakened.
You feel dopey.
You feel clumsy.
* * * LOW HITPOINT WARNING * * *
You feel sick. You block the adder's attack.
It was a potion of agility.
You feel agile all of a sudden.
You die...

..##..........sS...##
# ##......###.##@###
###.......# #.##<>.#
.#...(....# #.####.#
...#.###### #.# ...
).##.# #.# ....
#.....# #.# ##...
####...# #.# ...
#.#.. .. #.###


You could see a scorpion, an adder and a goblin.

Vanquished Creatures
  2 adders (D:2)
  An ooze (D:1)
  A worm (D:2)
  A dart slug (D:1)
  2 leopard geckos
  5 bats
  2 giant cockroaches (D:2)
  3 goblins
  6 hobgoblins
  6 jackals (D:1)
  A quokka (D:3)
  3 ball pythons
  5 frilled lizards
  4 kobolds
  4 rats (D:1)
46 creatures vanquished.

Notes
Turn   | Place    | Note
-------+----------+-------------------------------------------
     0 | D:1      | ImaNewbie the Formicid Fighter began the quest for the Orb.
     0 | D:1      | Reached XP level 1. HP: 18/18 MP: 1/1
   178 | D:1      | Reached XP level 2. HP: 24/24 MP: 2/2
   206 | D:1      | Reached skill level 3 in Axes
   293 | D:1      | Reached XP level 3. HP: 29/29 MP: 3/3
   922 | D:2      | Reached XP level 4. HP: 33/35 MP: 4/4
   941 | D:2      | Reached skill level 4 in Axes
  1470 | D:3      | HP: 1/35 [adder (4)]
  1473 | D:3      | Succumbed to an adder's poison

Skill      XL: |  1  2  3  4 |
---------------+-------------+-----
Axes           | 3 4 |  4.4
Fighting       | |  3.2
Armour         | |  3.2
Shields        | |  3.6

Action                   |  1- 3 |  4- 6 || total
-------------------------+-------+-------++-------
Melee: War axe           |    94 |    50 ||   144
  Use: Potion            |       |     3 ||     3
  Eat: Chunk             |       |     2 ||     2
Armor: Scale mail        |    50 |    20 ||    70
Dodge: Dodged            |    33 |    11 ||    44
Block: Shield            |    50 |    22 ||    72
       Large shield      |       |    18 ||    18
